 Dungeon Crawl Stone Soup version 0.31-a0-222-gefeffbb62a (webtiles) character file.

Game seed: 18222383471902722297

12050 qw the Blocker (level 11, -6/67 HPs)
             Began as a Gargoyle Fighter on July 4, 2023.
             Was an Elder of Okawaru.
             Killed from afar by an efreet (40 damage)
             ... with a bolt of fire
             ... in a Gauntlet.
             The game lasted 00:05:51 (11396 turns).

qw the Blocker (Gargoyle Fighter)                  Turns: 11396, Time: 00:05:52

Health: -6/67      AC: 42    Str: 30    XL:     11   Next: 87%
Magic:  14/16      EV: 11    Int: 14    God:    Okawaru [****..]
Gold:   602        SH: 19    Dex: 13    Spells: 10/10 levels left

rFire   . . .        m - +1 war axe (protect)
rCold   + . .        g - +0 tower shield
rNeg    + . .        n - +1 chain mail {rC+}
rPois   inf          k - +2 helmet
rElec   +            u - +1 cloak {Will+}
rCorr   .            f - +2 pair of gloves
SInv    .            h - +0 pair of boots
Will    +....        (no amulet) Stlth
                     v - ring "Awkala Wyj" {rPois AC+4 Int+5 Dex+4}
HPRegen 0.31/turn    l - +6 ring of strength
MPRegen 0.15/turn

%: no teleportation
@: heroic, under a protective aura
A: sickness immunity, AC +8, negative energy resistance 1, electricity
resistance, torment resistance 1, petrification resistance
a: Renounce Religion, Heroism, Finesse


You were in a Gauntlet.
You worshipped Okawaru.
Okawaru was greatly pleased with you.
You visited 2 branches of the dungeon, and saw 11 of its levels.
You also visited: Sewer and Gauntlet.

You collected 744 gold pieces.
You spent 142 gold pieces at shops.


Innate Abilities, Weirdness & Mutations

You are immune to sickness and miasma.
Your stone body is resilient. (AC +8)
You are immune to poison.
You resist negative energy. (rN+)
You are resistant to electric shocks. (rElec)
You are resistant to unholy torment.
You are immune to petrification.


   Skills:
 - Level 7.0(12.0) Fighting
 - Level 10.0(15.0) Axes
 - Level 3.8(8.8) Throwing
 + Level 5.7(10.7) Armour
 - Level 2.0(7.0) Dodging
 - Level 12.0(17.0) Shields
 + Level 7.1 Invocations


You had 10 spell levels left.
You didn't know any spells.
Your spell library was empty.

Inventory:

Hand Weapons
 m - a +1 war axe of protection (weapon)
 r - a +1 morningstar of freezing
Missiles
 c - 6 silver javelins (quivered)
 w - 4 boomerangs
Armour
 f - a +2 pair of gloves (worn)
 g - a +0 tower shield (worn)
 h - a +0 pair of boots (worn)
 k - a +2 helmet (worn)
 n - a +1 chain mail of cold resistance (worn)
 u - a +1 cloak of willpower (worn)
Jewellery
 i - a ring of protection from cold
 l - a +6 ring of strength (right hand)
 v - the ring "Awkala Wyj" (left hand) {rPois AC+4 Int+5 Dex+4}
   (You found it on level 10 of the Dungeon)

   [ring of protection]

   AC:        It affects your AC (+4).
   Int:       It affects your intelligence (+5).
   Dex:       It affects your dexterity (+4).
   rPois:     It protects you from poison.
Scrolls
 a - 4 scrolls of identify
 b - 3 scrolls of teleportation
Potions
 d - 2 potions of might
 e - a potion of attraction
 j - 2 potions of enlightenment
 o - a potion of cancellation
 p - a potion of lignification
 q - a potion of magic
 t - a potion of haste

Dungeon Overview and Level Annotations

Branches:
Dungeon (10/15)            Temple (0/1) D:5            Lair (1/5) D:10
  Sewer (visited)         Gauntlet (1/1)
    Orc: D:9-12

Altars:
Fedhas
Makhleb
Okawaru
Ru
Sif Muna
Uskayaw
Vehumet
Xom
Yredelemnul
The Shining One

Shops:
D:4 (

Annotations:
Gauntlet 7 transporters, 3 runed translucent doors


Message History

You block the hell hound's attack. The efreet gestures at you.
The bolt of fire hits the hell hound.
The hell hound completely resists.
The bolt of fire hits you. You block the fire elemental's attack.
You block the hell hound's attack.
11390 ||| INVOKING Heroism.
You gain the combat prowess of a mighty hero.
You block the fire elemental's attack. You block the hell hound's attack.
You slash the fire elemental!
The fire elemental is moderately damaged.
You closely miss the hell hound. The fire elemental hits you.
The fire elemental burns you! You block the hell hound's attack.
The fire elemental hits you. The fire elemental burns you!
You slash the fire elemental!
The fire elemental is severely damaged.
You barely miss the hell hound.
The hell hound bites you but does no damage.
You block the fire elemental's attack. You block the hell hound's attack.
You slash the fire elemental!
The fire elemental is almost destroyed.
You barely miss the hell hound.
The hell hound bites you but does no damage.
You block the fire elemental's attack.
You slice the fire elemental!!
You destroy the fire elemental!
Okawaru accepts your kill.
You slash the hell hound! The hell hound closely misses you.
You slice the hell hound!!
You kill the hell hound!
Okawaru accepts your kill.
You slash the efreet! The efreet hits you but does no damage.
You hit the efreet.
The efreet is moderately wounded.
The efreet gestures at you. The bolt of fire hits you!!!
Ouch! That really hurt!
You die...

# ### ### ### ### ### ##
###~###~###~###~###~###~##
~#~~~#~~~#~~~#~~~#~~~#~~~#
.......................~#
.#########...#########.##
.#...^##.#.}.#.0.....#.~##
.##..##?.#...#0##...[#.~~# .#
####.#..)#####.##....#.~## ..#
^#.##.##^#^.^#0%@###^#.## .}.##
.#...#.###.}.#.R.###)#..##.....
.#..##..##...#.#.###?#...#.}.#
.#.##....#.}.#.......#.\.#...#
.#########...#########...#.^.##.
.........#.}.....#.....}.#......
.#########...#########...#.^.##
.#....5.p#.}.#......t#.\.#...#
.#..#.#..#...#..####.#...#.}.#


You could see an efreet.

Vanquished Creatures
  A smoke demon (Gauntlet)
  2 tengu conjurers (D:9)
  3 hornets
  A raiju (Gauntlet)
  A shadow (D:9)
  31 yaks
  A vampire (D:9)
  A wyvern (D:10)
  A fire elemental (Gauntlet)
  4 steam dragons
  A hell hound (Gauntlet)
  2 water moccasins
  2 sky beasts (D:7)
  Pargi (Sewer)
  2 ice beasts
  3 centaurs
  A kobold brigand (D:9)
  2 bullfrogs
  2 gnoll sergeants
  5 scorpions
  12 wights
  10 killer bees
  3 howler monkeys (D:8)
  3 crimson imps (Gauntlet)
  9 hounds
  5 orc priests
  3 gnoll boudas
  2 jellies
  A sleepcap (D:7)
  3 iguanas (D:5)
  Natasha (D:4)
  9 orc wizards
  Robin (D:2)
  19 gnolls
  9 adders
  3 shadow imps (D:6)
  2 white imps (D:5)
  3 worms
  3 dart slugs
  32 orcs
  12 endoplasms
  7 giant cockroaches
  15 goblins
  8 hobgoblins
  4 jackals (D:4)
  4 quokkas
  7 ball pythons
  A bat (D:2)
  5 frilled lizards
  14 kobolds
  4 rats
281 creatures vanquished.

Vanquished Creatures (others)
  A two-headed ogre (D:9)
  A steam dragon (Gauntlet)
  An orc wizard (D:6)
3 creatures vanquished.

Grand Total: 284 creatures vanquished

Notes
Turn   | Place    | Note
-------+----------+-------------------------------------------
     0 | D:1      | qw the Gargoyle Fighter began the quest for the Orb.
     0 | D:1      | Reached XP level 1. HP: 14/14 MP: 1/1
     0 | D:1      | 0 ||| qw: Version: 0.3-a-46-gb1f654a
     0 | D:1      | 0 ||| qw: Game counter: 919
     0 | D:1      | 0 ||| qw: Melee chars always use a shield: true
     0 | D:1      | 0 ||| qw: God list: Okawaru
     0 | D:1      | 0 ||| qw: Allow faded altars: false
     0 | D:1      | 0 ||| qw: Do Orc after clearing Dungeon:15 true
     0 | D:1      | 0 ||| qw: Do second Lair branch before Depths: true
     0 | D:1      | 0 ||| qw: Lair rune preference: random
     0 | D:1      | 0 ||| qw: Goals: Normal, Zot:1-4, Slime:5, God:TSO, Crypt,
                  | Tomb, Abyss, Pan, Hells, Win
     0 | D:1      | 0 ||| PLANNING D:1-11
    21 | D:1      | Found a faded altar of an unknown god.
   228 | D:1      | 228 ||| Stepping ~*~*~tactically~*~*~ (hiding).
   237 | D:1      | Reached XP level 2. HP: 19/19 MP: 2/2
   636 | D:1      | 636 ||| Stepping ~*~*~tactically~*~*~ (stealth).
   659 | D:1      | 659 ||| Stepping ~*~*~tactically~*~*~ (stealth).
   738 | D:1      | Reached skill level 3 in Axes
   925 | D:1      | Found a basalt altar of Yredelemnul.
   928 | D:1      | 928 ||| UPGRADING to +0 chain mail.
   938 | D:1      | 938 ||| DROPPING +0 scale mail.
   939 | D:1      | 939 ||| UPGRADING to +0 pair of boots.
   944 | D:1      | 944 ||| READING scroll labelled ZOUTSA NUAL.
   945 | D:1      | 945 ||| READING scroll labelled SEOLAM CAIXE.
   946 | D:1      | 946 ||| READING scroll labelled LAERIF NOCIKH.
  1027 | D:2      | Reached XP level 3. HP: 20/23 MP: 3/3
  1073 | D:2      | 1073 ||| READING scroll of brand weapon.
  1073 | D:2      | 1073 ||| BRANDING +0 war axe of venom.
  1443 | D:2      | 1443 ||| Stepping ~*~*~tactically~*~*~ (hiding).
  1449 | D:2      | Reached XP level 4. HP: 28/28 MP: 4/4
  1495 | D:2      | 1495 ||| Stepping ~*~*~tactically~*~*~ (hiding).
  1522 | D:2      | Reached XP level 5. HP: 30/32 MP: 5/5
  1564 | D:2      | 1564 ||| Stepping ~*~*~tactically~*~*~ (stealth).
  1566 | D:2      | Noticed Robin
  1567 | D:2      | 1567 ||| Stepping ~*~*~tactically~*~*~ (stealth).
  1582 | D:2      | 1582 ||| Stepping ~*~*~tactically~*~*~ (hiding).
  1596 | D:2      | Killed Robin
  1756 | D:2      | 1756 ||| Stepping ~*~*~tactically~*~*~ (hiding).
  1903 | D:2      | 1903 ||| Stepping ~*~*~tactically~*~*~ (stealth).
  2084 | D:2      | 2084 ||| Stepping ~*~*~tactically~*~*~ (stealth).
  2121 | D:2      | 2121 ||| Stepping ~*~*~tactically~*~*~ (stealth).
  2161 | D:2      | 2161 ||| UPGRADING to +0 helmet.
  2166 | D:2      | 2166 ||| UPGRADING to +4 ring of protection.
  2426 | D:3      | 2426 ||| Stepping ~*~*~tactically~*~*~ (hiding).
  2430 | D:3      | 2430 ||| Stepping ~*~*~tactically~*~*~ (stealth).
  2440 | D:3      | 2440 ||| Stepping ~*~*~tactically~*~*~ (hiding).
  2501 | D:3      | HP: 6/33 [orc priest/+0 mace (4)]
  2503 | D:3      | Reached XP level 6. HP: 8/38 MP: 6/6
  2509 | D:3      | HP: 7/38 [something (3)]
  2517 | D:3      | HP: 5/38 [something (2)]
  2522 | D:3      | HP: 6/38 [something (1)]
  2645 | D:3      | 2645 ||| DROPPING +0 mace.
  2747 | D:3      | Found a radiant altar of Vehumet.
  2750 | D:3      | Found an iron altar of Okawaru.
  2751 | D:3      | 2751 ||| PLANNING OKAWARU WORSHIP
  2751 | D:3      | 2751 ||| READING scroll labelled UFICSU HOCE.
  2752 | D:3      | 2752 ||| READING scroll labelled JALU WE GYFU.
  2753 | D:3      | 2753 ||| DRINKING 2 murky golden potions.
  2754 | D:3      | 2754 ||| READING 3 scrolls of identify.
  2754 | D:3      | 2754 ||| IDENTIFYING viscous grey potion
  2755 | D:3      | 2755 ||| READING 2 scrolls of identify.
  2755 | D:3      | 2755 ||| IDENTIFYING coppery potion
  2756 | D:3      | 2756 ||| DROPPING potion of invisibility.
  2760 | D:3      | Became a worshipper of Warmaster Okawaru
  2761 | D:3      | 2761 ||| PLANNING D:1-11
  2766 | D:3      | Found a sacrificial altar of Ru.
  2769 | D:3      | Found a blossoming altar of Fedhas.
  3005 | D:4      | 3005 ||| PLANNING SEWER
  3117 | D:4      | Found Muerenav's Weapon Shop.
  3126 | D:4      | 3126 ||| BUYING +1 morningstar of freezing (142 gold).
  3126 | D:4      | Bought a +1 morningstar of freezing for 142 gold pieces
  3126 | D:4      | 3126 ||| DROPPING +0 flail.
  3273 | D:4      | Found a glowing drain.
  3274 | D:4      | 3274 ||| READING scroll labelled BUSHU MEOL.
  3275 | D:4      | 3275 ||| DRINKING 2 metallic grey potions.
  3303 | Sewer    | Entered a sewer
  3405 | Sewer    | Noticed Pargi
  3416 | Sewer    | Killed Pargi
  3417 | Sewer    | Reached skill level 6 in Axes
  3449 | Sewer    | 3449 ||| UPGRADING to +1 chain mail of cold resistance.
  3459 | Sewer    | 3459 ||| DROPPING +0 chain mail.
  3460 | Sewer    | 3460 ||| UPGRADING to +0 cloak.
  3465 | Sewer    | 3465 ||| READING scroll labelled ONIJERRE YLINO.
  3481 | D:4      | 3481 ||| PLANNING D:1-11
  3495 | D:4      | Noticed Natasha
  3500 | D:4      | Killed Natasha
  3528 | D:4      | 3528 ||| Stepping ~*~*~tactically~*~*~ (hiding).
  3739 | D:4      | Reached skill level 1 in Dodging
  3764 | D:4      | 3764 ||| READING scroll labelled HEP OHYEQIMUJY.
  3769 | D:5      | Entered Level 5 of the Dungeon
  3792 | D:5      | Reached XP level 7. HP: 43/43 MP: 7/7
  3943 | D:5      | Found a staircase to the Ecumenical Temple.
  3963 | D:5      | 3963 ||| Stepping ~*~*~tactically~*~*~ (hiding).
  3974 | D:5      | 3974 ||| Stepping ~*~*~tactically~*~*~ (stealth).
  3979 | D:5      | 3979 ||| Stepping ~*~*~tactically~*~*~ (hiding).
  4002 | D:5      | 4002 ||| Stepping ~*~*~tactically~*~*~ (hiding).
  4156 | D:5      | 4156 ||| Stepping ~*~*~tactically~*~*~ (stealth).
  4157 | D:5      | 4157 ||| Stepping ~*~*~tactically~*~*~ (stealth).
  4158 | D:5      | 4158 ||| Stepping ~*~*~tactically~*~*~ (stealth).
  4298 | D:5      | 4298 ||| Stepping ~*~*~tactically~*~*~ (stealth).
  4307 | D:5      | Reached * piety under Okawaru
  4308 | D:5      | 4308 ||| INVOKING Heroism.
  4361 | D:5      | 4361 ||| Stepping ~*~*~tactically~*~*~ (stealth).
  4656 | D:5      | Reached skill level 1 in Invocations
  4805 | D:5      | Found a shimmering blue altar of Sif Muna.
  4947 | D:5      | Reached XP level 8. HP: 49/49 MP: 9/9
  5120 | D:5      | 5120 ||| UPGRADING to +2 helmet.
  5130 | D:5      | 5130 ||| DROPPING +0 helmet.
  5131 | D:5      | 5131 ||| READING scroll labelled QABRIYGHUO.
  5132 | D:5      | 5132 ||| READING scroll labelled MELIHY TIUFE.
  5133 | D:5      | 5133 ||| DRINKING 2 grey potions.
  5134 | D:5      | 5134 ||| DROPPING potion of brilliance.
  5161 | D:6      | 5161 ||| DRINKING potion of curing.
  5161 | D:6      | 5161 ||| (to cure confusion)
  5294 | D:6      | 5294 ||| Stepping ~*~*~tactically~*~*~ (stealth).
  5298 | D:6      | 5298 ||| Stepping ~*~*~tactically~*~*~ (hiding).
  5312 | D:6      | Reached skill level 3 in Invocations
  5366 | D:6      | 5366 ||| Stepping ~*~*~tactically~*~*~ (stealth).
  5368 | D:6      | 5368 ||| INVOKING Heroism.
  5456 | D:6      | 5456 ||| INVOKING Heroism.
  5475 | D:6      | 5475 ||| INVOKING Heroism.
  6195 | D:6      | Reached skill level 6 in Fighting
  6346 | D:6      | 6346 ||| UPGRADING to +0 pair of gloves.
  6517 | D:7      | 6517 ||| UPGRADING to +0 tower shield.
  6527 | D:7      | 6527 ||| DROPPING +0 buckler.
  6626 | D:7      | Reached skill level 4 in Shields
  6626 | D:7      | Reached XP level 9. HP: 55/55 MP: 12/12
  6736 | D:7      | Reached ** piety under Okawaru
  6741 | D:7      | Reached skill level 5 in Shields
  6762 | D:7      | 6762 ||| Stepping ~*~*~tactically~*~*~ (hiding).
  6763 | D:7      | 6763 ||| Stepping ~*~*~tactically~*~*~ (hiding).
  6855 | D:7      | Reached skill level 1 in Throwing
  6929 | D:7      | 6929 ||| INVOKING Heroism.
  7084 | D:7      | 7084 ||| Stepping ~*~*~tactically~*~*~ (hiding).
  7087 | D:7      | 7087 ||| Stepping ~*~*~tactically~*~*~ (hiding).
  7089 | D:7      | 7089 ||| INVOKING Heroism.
  7093 | D:7      | Reached skill level 6 in Shields
  7324 | D:7      | 7324 ||| UPGRADING to +6 ring of strength.
  7325 | D:7      | 7325 ||| READING 2 scrolls of identify.
  7325 | D:7      | 7325 ||| IDENTIFYING blue potion
  7326 | D:7      | 7326 ||| DROPPING potion of berserk rage.
  7622 | D:8      | 7622 ||| Stepping ~*~*~tactically~*~*~ (hiding).
  7624 | D:8      | 7624 ||| Stepping ~*~*~tactically~*~*~ (hiding).
  7625 | D:8      | 7625 ||| Stepping ~*~*~tactically~*~*~ (hiding).
  7751 | D:8      | 7751 ||| INVOKING Heroism.
  7753 | D:8      | Reached skill level 7 in Shields
  7834 | D:8      | Reached skill level 8 in Shields
  7863 | D:8      | 7863 ||| Stepping ~*~*~tactically~*~*~ (stealth).
  7864 | D:8      | Noticed a hornet
  7868 | D:8      | 7868 ||| INVOKING Heroism.
  7881 | D:8      | 7881 ||| INVOKING Heroism.
  7889 | D:8      | Killed a hornet
  7890 | D:8      | Reached skill level 9 in Shields
  7890 | D:8      | Reached XP level 10. HP: 48/60 MP: 10/13
  7898 | D:8      | 7898 ||| Stepping ~*~*~tactically~*~*~ (cloud).
  7987 | D:8      | 7987 ||| Stepping ~*~*~tactically~*~*~ (hiding).
  8122 | D:8      | 8122 ||| INVOKING Heroism.
  8129 | D:8      | Reached skill level 10 in Shields
  8326 | D:8      | Noticed a deep elf pyromancer
  8326 | D:8      | Noticed a centaur warrior
  8326 | D:8      | Noticed a centaur warrior
  8326 | D:8      | Noticed a deep elf pyromancer
  8327 | D:8      | Noticed a centaur warrior
  8336 | D:8      | Noticed a five-headed hydra
  8347 | D:8      | Noticed a centaur warrior
  8403 | D:8      | 8403 ||| Stepping ~*~*~tactically~*~*~ (hiding).
  8407 | D:8      | 8407 ||| INVOKING Heroism.
  8607 | D:8      | 8607 ||| Stepping ~*~*~tactically~*~*~ (stealth).
  8631 | D:8      | Noticed a black mamba
  8739 | D:8      | 8739 ||| Stepping ~*~*~tactically~*~*~ (stealth).
  8742 | D:8      | 8742 ||| Stepping ~*~*~tactically~*~*~ (stealth).
  8754 | D:8      | 8754 ||| INVOKING Heroism.
  8770 | D:8      | Reached skill level 11 in Shields
  8773 | D:8      | Reached *** piety under Okawaru
  8852 | D:8      | 8852 ||| READING scroll labelled BALATUANIA.
  8853 | D:8      | 8853 ||| DROPPING +1 war axe.
  8854 | D:8      | 8854 ||| READING 2 scrolls of identify.
  8854 | D:8      | 8854 ||| IDENTIFYING brown potion
  8855 | D:8      | 8855 ||| DROPPING potion of degeneration.
  8896 | D:9      | 8896 ||| Stepping ~*~*~tactically~*~*~ (stealth).
  9012 | D:9      | 9012 ||| READING scroll of enchant armour.
  9012 | D:9      | 9012 ||| ENCHANTING +0 pair of gloves.
  9072 | D:9      | 9072 ||| Stepping ~*~*~tactically~*~*~ (hiding).
  9102 | D:9      | 9102 ||| INVOKING Heroism.
  9142 | D:9      | Found a burning altar of Makhleb.
  9172 | D:9      | Reached skill level 9 in Axes
  9192 | D:9      | Noticed a two-headed ogre
  9193 | D:9      | 9193 ||| INVOKING Heroism.
  9202 | D:9      | Killed a two-headed ogre
  9203 | D:9      | Reached skill level 3 in Throwing
  9203 | D:9      | Reached XP level 11. HP: 57/64 MP: 12/14
  9344 | D:9      | 9344 ||| DRINKING potion of curing.
  9344 | D:9      | 9344 ||| (to cure confusion)
  9370 | D:9      | 9370 ||| INVOKING Heroism.
  9387 | D:9      | 9387 ||| INVOKING Heroism.
  9519 | D:9      | 9519 ||| Stepping ~*~*~tactically~*~*~ (stealth).
  9520 | D:9      | 9520 ||| Stepping ~*~*~tactically~*~*~ (stealth).
  9522 | D:9      | 9522 ||| Stepping ~*~*~tactically~*~*~ (stealth).
  9575 | D:9      | Found a shimmering altar of Xom.
  9577 | D:9      | Found a shimmering altar of Xom.
  9580 | D:9      | Found a shimmering altar of Xom.
  9581 | D:9      | Found a shimmering altar of Xom.
  9581 | D:9      | Found a shimmering altar of Xom.
  9581 | D:9      | Found a shimmering altar of Xom.
  9581 | D:9      | Found a shimmering altar of Xom.
  9582 | D:9      | Found a shimmering altar of Xom.
  9641 | D:9      | Reached skill level 12 in Shields
  9831 | D:9      | 9831 ||| READING scroll labelled NAITOZ NAEGGUO.
  9835 | D:9      | Noticed a moth of wrath
  9845 | D:9      | Noticed a salamander
  9877 | D:9      | 9877 ||| READING scroll labelled ROTTU QEDWUF.
  9877 | D:9      | Noticed a swamp dragon
  9878 | D:9      | 9878 ||| DRINKING 2 golden potions.
  9881 | D:9      | a swamp dragon changed into a merfolk
  9882 | D:9      | Noticed a manticore
  9905 | D:9      | Noticed a mana viper
  9906 | D:9      | Noticed a six-headed hydra
  9927 | D:10     | Entered Level 10 of the Dungeon
  9927 | D:10     | Found a staircase to the Lair.
  9961 | D:10     | 9961 ||| Stepping ~*~*~tactically~*~*~ (stealth).
  9962 | D:10     | 9962 ||| Stepping ~*~*~tactically~*~*~ (stealth).
  9966 | D:10     | Reached **** piety under Okawaru
 10014 | D:10     | Found a hide-covered altar of Uskayaw.
 10157 | D:10     | 10157 ||| READING scroll of enchant armour.
 10157 | D:10     | 10157 ||| ENCHANTING +1 pair of gloves.
 10178 | D:10     | Found a glowing golden altar of the Shining One.
 10247 | D:10     | Received a gift from Okawaru
 10346 | D:10     | Identified the +0 scale mail of Beogh's Pride {rC+}
 10437 | D:10     | Received a gift from Okawaru
 10521 | D:10     | Identified the ring "Awkala Wyj" {rPois AC+4 Int+5 Dex+4}
 10827 | D:10     | 10827 ||| PLANNING LAIR
 10827 | D:10     | 10827 ||| DROPPING +0 scale mail of Beogh's Pride {rC+}.
 10828 | D:10     | 10828 ||| UPGRADING to ring "Awkala Wyj" {rPois AC+4 Int+5
                  | Dex+4}.
 10830 | D:10     | 10830 ||| DROPPING +4 ring of protection.
 10831 | D:10     | 10831 ||| DRINKING 2 sedimented clear potions.
 10854 | D:10     | 10854 ||| READING 4 scrolls of identify.
 10854 | D:10     | 10854 ||| IDENTIFYING fizzy emerald potion
 10876 | Lair:1   | Entered Level 1 of the Lair of Beasts
 10877 | Lair:1   | 10877 ||| PLANNING GAUNTLET
 10879 | Lair:1   | Reached skill level 6 in Invocations
 10915 | Lair:1   | Found a gate leading to a gauntlet.
 10922 | Lair:1   | 10922 ||| Stepping ~*~*~tactically~*~*~ (stealth).
 10923 | Lair:1   | 10923 ||| Stepping ~*~*~tactically~*~*~ (stealth).
 10924 | Lair:1   | 10924 ||| Stepping ~*~*~tactically~*~*~ (stealth).
 10940 | Lair:1   | Reached ***** piety under Okawaru
 10949 | Gauntlet | Entered a Gauntlet
 10949 | Gauntlet | Noticed a fire crab
 10949 | Gauntlet | Found a transporter.
 10949 | Gauntlet | Found a runed translucent gate.
 10949 | Gauntlet | Found a transporter.
 10951 | Gauntlet | Found a runed translucent gate.
 10952 | Gauntlet | Found a runed translucent gate.
 10957 | Gauntlet | Found a transporter.
 10961 | Gauntlet | Found a transporter.
 10971 | Gauntlet | Noticed a wizard
 10972 | Gauntlet | Found a transporter.
 10973 | Gauntlet | Found a transporter.
 10981 | Gauntlet | Found a transporter.
 10998 | Gauntlet | Found a transporter.
 11013 | Gauntlet | Found a transporter.
 11017 | Gauntlet | Found a transporter.
 11028 | Gauntlet | Found a transporter.
 11029 | Gauntlet | Found a transporter.
 11073 | Gauntlet | 11073 ||| INVOKING Heroism.
 11115 | Gauntlet | 11115 ||| UPGRADING to +1 cloak of willpower.
 11125 | Gauntlet | 11125 ||| DROPPING +0 cloak.
 11157 | Gauntlet | 11157 ||| INVOKING Heroism.
 11159 | Gauntlet | HP: 15/67 [smoke demon/ball of steam (10)]
 11162 | Gauntlet | HP: 4/67 [smoke demon/ball of steam (10)]
 11390 | Gauntlet | 11390 ||| INVOKING Heroism.
 11396 | Gauntlet | Killed from afar by an efreet

Levels and vault maps discovered:
D:1:      dpeg_arrival_water_altar, layout_basic,
          hellmonk_ecumenical_altar_arch_garden
D:2:      cheibrodos_pilgrimage, layout_loops_corners, uniq_robin
D:3:      layout_loops_ring, grunt_temple_overflow_cloverleaf
D:4:      layout_rooms, serial_shops, shop, portal_sewer_entry_f, uniq_natasha
D:5:      layout_loops_corners, lemuel_blue_sif_altar,
          minmay_temple_entry_statues_pillars, serial_rivers,
          chequers_serial_rivers_small_b, chequers_serial_rivers_micro_a,
          chequers_serial_rivers_micro_a, chequers_serial_rivers_large_b,
          minmay_hedge_maze, minmay_fractal_squares_diagonal_5
D:6:      layout_basic
D:7:      kennysheep_six_static_rooms, layout_gridville
D:8:      layout_loops_ring, kb_lookout_dungeons_type, minivault_12
D:9:      layout_basic, xom_shifter_show, nicolae_overflow_crystal_walls
D:10:     layout_irregular_city, tso_metal_star,
          mainiacjoe_overflow_cross_hatched, lair_entry_dummy, minivault_10,
          nicolae_concentric_dashed_squares_mild, hangedman_abyss_or_decor_stabs
Lair:1:   layout_regular_city, gauntlet_entry_generic,
          chequers_serial_rivers_micro_c, hibernation_bobbens
Gauntlet: minmay_gauntlet_77_indecision [minmay_gauntlet_arena_77_run_for_it,
          minmay_gauntlet_arena_77_two_paths,
          minmay_gauntlet_arena_77_chump_sandwich, minmay_gauntlet_arena_77_fan,
          minmay_gauntlet_arena_77_radiant_squares,
          minmay_gauntlet_arena_77_block_sizes, gauntlet_exit_watery]

Skill      XL: |  1  2  3  4  5  6  7  8  9 10 11 |
---------------+----------------------------------+-----
Axes           | 2 3 4 5 6 7 8 9 10 | 10.0
Fighting       | 4 5 6 7 |  7.0
Dodging        | 1 2 |  2.0
Invocations    | 2 4 7 |  7.1
Armour         | 4 5 |  5.7
Shields        | 4 9 11 12 | 12.0
Throwing       | 1 3 |  3.8

Action                     |  1- 3 |  4- 6 |  7- 9 | 10-12 || total
---------------------------+-------+-------+-------+-------++-------
  Melee: War axe           |   110 |   244 |   362 |   348 ||  1064
  Throw: Boomerang         |       |    68 |       |     4 ||    72
         Javelin           |       |       |    17 |    46 ||    63
 Invoke: Heroism           |       |       |     9 |    10 ||    19
    Use: Scroll            |     4 |     7 |     3 |     7 ||    21
         Potion            |       |     2 |     2 |     3 ||     7
 Armour: Scale mail        |    23 |       |       |       ||    23
         Chain mail        |    53 |   185 |   278 |   251 ||   767
  Dodge: Dodged            |    38 |    78 |   127 |   100 ||   343
  Block: Buckler           |    18 |    40 |    42 |       ||   100
         Tower shield      |       |       |   109 |   361 ||   470

Table legend:
 A = Non-vault XP
 B = Vault XP
 C = Vault XP percentage of total XP
 D = Non-vault monster count
 E = Vault monster count
 F = Vault count percentage of total count
                 A         B        C        D         E       F
            +---------+---------+-------+---------+---------+-------
      Total |   14482 |    2733 |  15.9 |     228 |      56 |  19.7
            +---------+---------+-------+---------+---------+-------
        D:1 |      30 |       0 |   0.0 |      16 |       0 |   0.0
        D:2 |      90 |     111 |  55.2 |      21 |      16 |  43.2
        D:3 |     154 |       0 |   0.0 |      21 |       0 |   0.0
        D:4 |      41 |      43 |  51.2 |      14 |       5 |  26.3
        D:5 |     413 |     250 |  37.7 |      18 |      10 |  35.7
        D:6 |     959 |       0 |   0.0 |      29 |       0 |   0.0
        D:7 |     734 |     495 |  40.3 |      10 |       6 |  37.5
        D:8 |    3261 |     118 |   3.5 |      37 |       1 |   2.6
        D:9 |    3927 |       0 |   0.0 |      37 |       0 |   0.0
       D:10 |    3754 |       0 |   0.0 |      19 |       0 |   0.0
     Lair:1 |    1119 |       0 |   0.0 |       6 |       0 |   0.0
      Sewer |       0 |     145 | 100.0 |       0 |       9 | 100.0
   Gauntlet |       0 |    1571 | 100.0 |       0 |       9 | 100.0
            +---------+---------+-------+---------+---------+-------
